 Dungeon Crawl Stone Soup version 0.26-a0-812-g31a745ddcd (webtiles) character file.

Game seed: 15056773235974837298

1541 Lanoc the Pious (level 8, -1/67 HPs)
             Began as a Troll Venom Mage on Dec 8, 2020.
             Was a Believer of Zin.
             Slain by Pikel
             ... wielding a +0 whip of flaming
              (5 damage)
             ... on level 9 of the Dungeon.
             The game lasted 00:09:19 (5419 turns).

Lanoc the Pious (Troll Venom Mage)                  Turns: 5419, Time: 00:09:20

Health: -1/67      AC:  4    Str: 27    XL:     8   Next: 56%
Magic:  5/11       EV: 11    Int: 13    God:    Zin [**....]
Gold:   222        SH:  0    Dex: 10    Spells: 8/9 levels left

rFire    + . .     SeeInvis .   l - +6 rapier of Satyriasis {freeze, *Corrode rC+ Str+10 Stlth-}
rCold    + + .     Faith    .   (no shield)
rNeg     . . .     Spirit   .   a - +0 robe
rPois    +         Reflect  .   (helmet restricted)
rElec    +         Harm     .   m - +1 cloak
rCorr    +         Rampage  .   (gloves unavailable)
MR       .....                  (boots unavailable)
Stlth    ..........             (no amulet)
HPRegen  0.61/turn              s - ring of wizardry
MPRegen  0.12/turn              (no ring)

@: resistant, corroded
A: large, unfitting armour, claws 3, regeneration 1, shaggy fur 1, tough skin 3
a: Recite, Vitalisation, Donate Gold, Renounce Religion


You were on level 9 of the Dungeon.
You worshipped Zin.
Zin was pleased with you.
You visited 2 branches of the dungeon, and saw 9 of its levels.

You collected 246 gold pieces.
You donated 24 gold pieces to Zin.

Inventory:

Hand Weapons
 l - the +6 rapier of Satyriasis (weapon) {freeze, *Corrode rC+ Str+10 Stlth-}
   (You found it on level 4 of the Dungeon)

   It has been specially enchanted to freeze those struck by it, causing extra
   injury to most foes and up to half again as much damage against particularly
   susceptible opponents.
   It can also slow down cold-blooded creatures.
   It affects your strength (+10).
   It protects you from cold.
   It may corrode you when you take damage.
   It makes you less stealthy.
Armour
 a - a +0 robe (worn)
 m - a +1 cloak (worn)
Jewellery
 s - a ring of wizardry (left claw)
Wands
 v - a wand of acid (9)
Scrolls
 b - 2 scrolls of magic mapping {unknown}
 e - a scroll of immolation {unknown}
 f - a scroll of enchant weapon {unknown}
 g - 3 scrolls of remove curse {unknown}
 h - 5 scrolls of identify {unknown}
 i - 2 scrolls of teleportation {unknown}
 k - 2 scrolls of enchant armour {unknown}
 o - a scroll of brand weapon {unknown}
 q - 2 scrolls of amnesia {unknown}
 r - a scroll of noise {unknown}
 w - a scroll of fog {unknown}
 y - a scroll of random uselessness {unknown}
Potions
 c - a potion of degeneration {unknown}
 j - 3 potions of magic {unknown}
 n - a potion of lignification {unknown}
 p - a potion of might
 t - a potion of invisibility {unknown}
 u - a potion of attraction {unknown}
 x - a potion of mutation {unknown}


   Skills:
 + Level 5.3 Dodging
 - Level 1.0 Stealth
 - Level 1.2 Spellcasting
 - Level 0.6 Transmutations
 + Level 5.2 Poison Magic
 * Level 5.5 Invocations


You had 8 spell levels left.
You knew the following spells:

 Your Spells              Type           Power        Failure   Level
a - Sting                 Tmut/Pois      #...         3%          1

Your spell library contained the following spells:

 Spells                   Type           Power        Failure   Level
 Poisonous Vapours        Pois/Air       #.....       6%          2
 Sandblast                Erth           #.....       12%         1
 Olgreb's Toxic Radiance  Pois           ##......     13%         4
 Passwall                 Tmut/Erth      #.......     16%         2
 Ignite Poison            Fire/Tmut/Pois #.......     16%         3
 Mephitic Cloud           Conj/Pois/Air  #.......     16%         3
 Stone Arrow              Conj/Erth      #.....       32%         3
 Petrify                  Tmut/Erth      #.......     65%         4
 Lee's Rapid Deconstruct  Erth           #.........   95%         5


Dungeon Overview and Level Annotations

Branches:
Dungeon (7/15)             Temple (1/1) D:5

Altars:
Ashenzari
Cheibriados
Elyvilon
Fedhas
Gozag
Hepliaklqana
Kikubaaqudgha
Makhleb
Qazlal
Ru
Sif Muna
Trog
Uskayaw
Vehumet
Wu Jian
Xom
Yredelemnul
Zin
The Shining One

Shops:
D:5 =   D:6 (:(   D:7 }

Annotations:
D:9 Pikel


Innate Abilities, Weirdness & Mutations

You are too large for most types of armour.
You have claws for hands.
Your natural rate of healing is unusually fast.
You are covered in fur. (AC +1)
You have extremely tough skin. (AC +3)


Message History

Pikel is moderately wounded.
You kill the lemure!
That felt strangely unrewarding.
The lemure hits you!
Pikel hits you with a +0 whip of flaming.
Pikel burns you. The lemure hits you.
You hit Pikel. You freeze Pikel.
Pikel is moderately wounded.
The lemure hits you.
Pikel hits you with a +0 whip of flaming!
* * * LOW HITPOINT WARNING * * *
Pikel burns you.
* * * LOW HITPOINT WARNING * * *
The lemure barely misses you. The lemure completely misses you.
Pikel closely misses you.
It was a potion of resistance.
You feel protected. The lemure barely misses you. The lemure hits you.
* * * LOW HITPOINT WARNING * * *
Pikel hits you with a +0 whip of flaming.
You die...

.. . #.
.#.. ...
#..
####..###
......55#
#@# #K#
#.......#
#..##...#
# #...#
....#
##.#.# ..
.# #. ##


You could see Pikel (very poisoned) and 2 lemures.

Vanquished Creatures
  The ghost of tsouns the Sneak, a novice OpVM (D:5)
  Duvessa (D:6)
  A centaur (D:7)
  2 lemures (D:9)
  4 bullfrogs
  Dowan (D:6)
  3 scorpions
  A howler monkey (D:5)
  A centaur zombie (D:7)
  A jelly (D:6)
  A hound (D:4)
  2 orc priests
  8 orc wizards
  Crazy Yiuf (D:4)
  3 worker ants (D:4)
  A killer bee zombie (D:5)
  A worker ant zombie (D:7)
  4 gnolls
  2 adders (D:4)
  A shadow imp (D:5)
  2 oozes
  A leopard gecko (D:3)
  13 orcs
  6 bats
  A giant cockroach (D:3)
  2 goblins
  7 jackals
  3 quokkas
  A ball python (D:5)
  A ball python skeleton (D:5)
  A ball python zombie (D:6)
  A frilled lizard (D:5)
  A jackal skeleton (D:5)
  5 kobolds
  3 rats
88 creatures vanquished.

Vanquished Creatures (others)
  2 orc warriors (D:7)
  An iguana (D:7)
  2 worker ants (D:7)
  3 adders (D:7)
  2 ufetubi (D:7)
  An orc (D:7)
  4 plants (D:5)
15 creatures vanquished.

Grand Total: 103 creatures vanquished

Notes
Turn   | Place    | Note
-------+----------+-------------------------------------------
     0 | D:1      | Lanoc the Troll Venom Mage began the quest for the Orb.
     0 | D:1      | Reached XP level 1. HP: 16/16 MP: 1/1
   188 | D:2      | Reached XP level 2. HP: 24/24 MP: 2/2
   281 | D:3      | Reached XP level 3. HP: 22/31 MP: 0/3
  1152 | D:4      | Noticed a bullfrog
  1164 | D:4      | Killed a bullfrog
  1164 | D:4      | Reached XP level 4. HP: 9/39 MP: 0/4
  1276 | D:4      | Reached XP level 5. HP: 38/45 MP: 0/5
  1334 | D:4      | Found an ornate altar of the Wu Jian Council.
  1341 | D:4      | Found a hide-covered altar of Uskayaw.
  1347 | D:4      | Noticed a +0 hand axe
  1351 | D:4      | Noticed a +0 dagger
  1631 | D:4      | Found a white marble altar of Elyvilon.
  2030 | D:4      | Got a brightly glowing rapier
  2030 | D:4      | Identified the +6 rapier of Satyriasis {freeze, *Corrode
                  | rC+ Str+10 Stlth-} (You found it on level 4 of the Dungeon)
  2112 | D:4      | Found a runed translucent door.
  2113 | D:4      | Noticed Crazy Yiuf
  2160 | D:4      | Killed Crazy Yiuf
  2160 | D:4      | Reached XP level 6. HP: 48/53 MP: 3/6
  2241 | D:5      | Entered Level 5 of the Dungeon
  2241 | D:5      | Found a staircase to the Ecumenical Temple.
  2265 | Temple   | Entered the Ecumenical Temple
  2533 | Temple   | Became a worshipper of Zin the Law-Giver
  2599 | D:5      | Reached skill level 1 in Invocations
  2823 | D:5      | Reached * piety under Zin
  2989 | D:5      | Found a large runed translucent door.
  2989 | D:5      | Found a large runed translucent door.
  2991 | D:5      | Noticed tsouns's ghost (novice OpVM)
  3014 | D:5      | Reached XP level 7. HP: 59/59 MP: 3/7
  3087 | D:5      | Found a shimmering altar of Xom.
  3347 | D:5      | Found a shimmering blue altar of Sif Muna.
  3396 | D:5      | Found Nehumezxinli's Jewellery Emporium.
  3775 | D:5      | Killed tsouns's ghost
  3779 | D:5      | Reached ** piety under Zin
  4314 | D:6      | Found a hide-covered altar of Uskayaw.
  4338 | D:6      | Reached XP level 8. HP: 63/67 MP: 7/10
  4400 | D:6      | Found an opulent altar of Gozag.
  4472 | D:6      | Reached skill level 5 in Dodging
  4517 | D:6      | Found Wutuojit's Book Shop.
  4543 | D:6      | Found Myptiuj's Weapon Shoppe.
  4651 | D:6      | Noticed Dowan
  4652 | D:6      | Noticed Duvessa
  4669 | D:6      | Killed Duvessa
  4684 | D:6      | Killed Dowan
  4684 | D:6      | Reached skill level 5 in Poison Magic
  4684 | D:6      | Reached skill level 5 in Invocations
  4872 | D:6      | Found Katif's Antique Weapon Boutique.
  5053 | D:7      | Found Vabagi's Gadget Emporium.
  5400 | D:7      | You fall into a shaft and drop 2 floors!
  5400 | D:9      | Noticed Pikel
  5419 | D:9      | Slain by Pikel

Illustrated notes

Levels and vault maps discovered:
D:1:      tarquinn_simple_flora_water_a, layout_loops_ring, fountainhead,
          roderic_roman_lattice, st_stairs_12
D:2:      layout_basic, lemuel_doored_altar, serial_bayou_lake_a, uniq_natasha
D:3:      layout_basic
D:4:      layout_loops_corners, dancing_weapons_uskayaw, kennysheep_mini,
          nicolae_overflow_hidden_temple, uniq_crazy_yiuf_cottage
D:5:      layout_basic, lemuel_crystal_altar, xom_butterflies,
          minmay_temple_entry_overgrown, ebering_ghost_disaster_area,
          minmay_shop_enchanted_jewellery, minmay_a_box_with_orc_wizards_in_it
D:6:      layout_loops_corners, kennysheep_mini_moat, basic_altar, serial_shops,
          shop, shop_statue, nicolae_shop_statue_plus, uniq_duvessa
D:7:      layout_loops_ring, marbit_many_paths, serial_shops,
          nicolae_shop_statue_plus, xom_confusion_cloud
D:9:      layout_loops_cross, kennysheep_okawaru_gauntlet, lair_entry_dummy,
          basic_altar, uniq_pikel
Temple:   oiseaux_autumnal_temple

Skill      XL: |  1  2  3  4  5  6  7  8 |
---------------+-------------------------+-----
Dodging        | 2 3 4 5 |  5.3
Poison Magic   | 3 4 5 |  5.2
Invocations    | 2 4 5 |  5.5
Stealth        | |  1.0
Spellcasting   | |  1.2
Transmutations | |  0.6

Action                   |  1- 3 |  4- 6 |  7- 9 || total
-------------------------+-------+-------+-------++-------
Melee: Unarmed           |    97 |    15 |       ||   112
       Rapier            |       |    58 |    75 ||   133
 Cast: Sting             |    24 |    38 |    77 ||   139
  Use: Potion            |       |       |     1 ||     1
Armor: Robe              |    64 |    28 |    37 ||   129
Dodge: Dodged            |    75 |    48 |    70 ||   193

Table legend: (Time is in decaauts)
 A = Elapsed time spent in this place.
 B = Non-inter-level travel time spent in this place.
 C = Inter-level travel time spent in this place.
 D = Time resting spent in this place.
 E = Time spent auto-exploring this place.
 F = Levels seen in this place.
 G = Mean time per level.
                   A        B        C        D        E       F      G
               +--------+--------+--------+--------+--------+-----+--------+
         Total |   5470 |   5227 |    243 |     34 |   4409 |   9 |  607.8 |
       Dungeon |   5162 |   4983 |    179 |     34 |   4186 |   8 |  645.2 |
        Temple |    307 |    243 |     64 |      0 |    223 |   1 |  307.0 |
               +--------+--------+--------+--------+--------+-----+--------+

Top non-repeatable levels by time:
     D:5: 1366 daAuts
     D:6: 1131 daAuts
     D:4: 1089 daAuts
     D:3: 895 daAuts
     D:7: 403 daAuts
  Temple: 307 daAuts
     D:2: 187 daAuts
     D:1: 70 daAuts
     D:9: 20 daAuts
